[Event "*** Titled Tuesday Blitz"]
[Site "Chess.com"]
[Date "2020.01.07"]
[Round "1"]
[White "Duhless"]
[Black "ChainsOfFantasia"]
[Result "1-0"]
[WhiteElo "3113"]
[BlackElo "2511"]
[TimeControl "180+2"]
[EndTime "13:09:31 PST"]
[Termination "Duhless won by checkmate"]

1. Nf3 Nf6 2. c4 e6 3. g3 d5 4. d4 Be7 5. Bg2 O-O 6. O-O dxc4 7. Qc2 a6 8. Rd1 b5 9. Ne5 Nd5 10. b3 cxb3 11. axb3 Bb7 12. Ba3 Bxa3 13. Nxa3 f6 14.
Nd3 Nd7 15. Nc4 bxc4 16. bxc4 N7b6 17. cxd5 Bxd5 18. Bxd5 exd5 19. Rdc1 Rf7 20. Qc6 Qd7 21. Qxd7 Rxd7 22. Nc5 Re7 23. e3 a5 24. Rc2 Kf7 25.
Rca2 Nc4 26. Nb3 Re6 27. Nc5 Rb6 28. Kg2 h5 29. h4 g5 30. hxg5 fxg5 31. Rh1 Kg6 32. Nd7 Rd6 33. Ne5+ Nxe5 34. dxe5 Re6 35. f4 a4 36. g4 hxg4 37. Kg3 Kf5 38. Ra3 c5 39. Rh5 Rg6 40. Rh7 Rc6 41. Rg7 gxf4+ 42. exf4 c4 43. Re3 Rg6 44. Rh7 Ke6 45. Rh5 Rf8 46.
Ra3 d4 47. Rxa4 Kd5 48. e6+ Kxe6 49. Ra6+ Kf7 50. Rf5+ Kg7 51. Rxg6+ Kxg6 52. Rxf8 c3 53. f5+ Kg5 54. f6 Kg6 55. f7 d3 56. Rc8 d2 57.
f8=Q d1=Q 58. Rc6+ Kg5 59. Qf6+ Kh5 60. Qh6# 1-0

[Event "*** Titled Tuesday Blitz"]
[Site "Chess.com"]
[Date "2020.01.07"]
[Round "1"]
[White "ChessBitl"]
[Black "TheBigBoss04"]
[Result "1/2-1/2"]
[WhiteElo "2381"]
[BlackElo "2724"]
[TimeControl "180+2"]
[EndTime "13:09:34 PST"]
[Termination "Game drawn by agreement"]

1. e4 g6 2. d4 Bg7 3. c4 d6 4.
Nc3 Nf6 5. f3 O-O 6. Be3 c6 7. Qd2 a6 8. a4 Nbd7 9. Bd3 e5 10. d5 Nc5 11. Bc2 a5 12. Nge2 cxd5 13. cxd5 b6 14. Nb5 Ne8 15. Nec3 Nc7 16. O-O Ba6 17.
Rab1 Qd7 18. Nxc7 Qxc7 19. Nb5 Qd7 20. Qe2 f5 21. b4 axb4 22. Rxb4 fxe4 23. fxe4 Rxf1+ 24. Qxf1 Rf8 25. Qe2 Bf6 26. Rb1 Rc8 27. Rf1 Bg7 28.
h3 Bb7 29. Qg4 Qxg4 30. hxg4 Bf8 31. g3 Ra8 32. Ra1 Be7 33. Nc7 Rc8 34. Nb5 Nd7 35.
Ra2 Ba6 36. Kf2 Nf6 37. g5 Ng4+ 38. Ke2 Nxe3 39. Kxe3 Bxg5+ 40. Kf2 Be7 41. Bd3 Kf7 42. Ke3 h5 43. Na7 Rc3 44. Nb5 Bg5+ 45. Ke2 Bxb5 46. axb5 Rc7 47. Rc2 Rxc2+ 48. Bxc2 Bc1 49. Kf3 Kf6 50.
Bd3 Bb2 51. Bc2 Bd4 52. Bd3 Kg5 53. Be2 Bc5 54. Bf1 h4 55. Bh3 hxg3 56. Kxg3 Be3 57. Bd7 Bf4+ 58. Kf3 Kh4 59. Be6 Bd2 60. Bd7 Bf4 61.
Be6 Kg5 62. Bd7 Bc1 63. Be6 Kh5 64. Bg4+ Kg5 65. Bd7 Kf6 66. Kg4 Bf4 67. Be6 Ke7 68. Bc8 Kd8 69. Be6 Ke7 70. Bc8 Kf6 71. Be6 Bc1 72. Bc8 Bf4 73. Bd7 Kg7 1/2-1/2

[Event "*** Titled Tuesday Blitz"]
[Site "Chess.com"]
[Date "2020.01.07"]
[Round "1"]
[White "korbul"]
[Black "el-reptiliano"]
[Result "1/2-1/2"]
[WhiteElo "2628"]
[BlackElo "2308"]
[TimeControl "180+2"]
[EndTime "13:09:35 PST"]
[Termination "Game drawn by agreement"]

1. d4 d5 2. Nf3 Nf6 3. Bf4 e6 4. e3 Bd6 5. Bg3 O-O 6. Nbd2 c5 7. c3 Qc7 8. Ne5 Nc6 9. f4 Ne7 10. Bd3 b6 11. Qb1 g6 12. O-O Bb7 13. Bh4 Nd7 14.
Ndf3 Nf5 15. Bf2 h5 16. Ng5 Nf6 17. Qd1 Ne4 18. Bxe4 dxe4 19. g4 hxg4 20. Qxg4 Bxe5 21. fxe5 Kg7 22. Rae1 Rh8 23. Bg3 Rh5 24. Rf2 cxd4 25.
cxd4 Rah8 26. Rg2 Qc6 27. Bf4 Rh4 28. Qe2 Rxf4 29. exf4 e3 30. Qc2 Qd5 31. Qe2 Nxd4 32. Qg4 Qxg2+ 33. Qxg2 Bxg2 34. Kxg2 Nf5 35. Nf3 Rc8 36.
Re2 Rd8 37. Ng5 Rd2 38. Kf1 Nd4 39. Rxe3 Rxb2 40. Rh3 Rxa2 41. Rh7+ Kg8 42. Rxf7 Nf3 43. Rf6 Nxg5 44. fxg5 Kg7 45. Rxe6 Rxh2 46. Re7+ Kf8 47.
Rxa7 Rb2 48. e6 Rb5 49. Rf7+ Ke8 50. Rb7 Rf5+ 51. Ke2 Re5+ 52. Kf3 Rxe6 53. Kf4 Kf8 54. Rc7 b5 55. Rb7 Rc6 56. Rxb5 Rc7 57. Rb6 Kg7 58. Kg4 1/2-1/2

[Event "*** Titled Tuesday Blitz"]
[Site "Chess.com"]
[Date "2020.01.07"]
[Round "1"]
[White "nurmiTV"]
[Black "MikeSailer"]
[Result "1-0"]
[WhiteElo "2541"]
[BlackElo "2092"]
[TimeControl "180+2"]
[EndTime "13:09:38 PST"]
[Termination "nurmiTV won by checkmate"]

1. c4 c6 2. Nc3 d5 3. e3 Nf6 4. Nf3 a6 5. b3 Bg4 6. h3 Bh5 7. Be2 Nbd7 8. d4 e6 9. Bb2 Bd6 10. O-O O-O 11. a3 Rc8 12. Rc1 b5 13. cxd5 cxd5 14. Na2 Qe7 15. a4 bxa4 16. bxa4 Rb8 17. Bc3 Ne4 18. Bxa6 Ba3 19. Rc2 Rb3 20. Ba1 Rfb8 21. Bb5 Nb6 22. Rc6 Bxf3 23. gxf3 Rxb5 24. axb5 Ng5 25. Kg2 Nc4 26. h4 h6 27. Rh1 Nh7 28. Qa4 Bd6 29. Bc3 Qf6 30. Qc2 Ra8 31. Nb4 Ra3 32.
Rc8+ Nf8 33. Be1 Qe7 34. Nd3 Qb7 35. Rc6 Qxb5 36. Rc8 Qa6 37. Rd8 Ra2 38. Qc1 Ra1 39. Qc2 Ra2 40. Qb3 Nxe3+ 41. Kh3 Nf5 42. Ne5 Nxd4 43. Qe3 Nf5 44. Qf4 Qe2 45. Rxf8+ Kxf8 46. Nd7+ Kg8 47. Qg4 Kh7 48. Rg1 Ra3 49. Nf6+ Kh8 50. Kg2 Ra1 51. Bc3 Rxg1+ 52. Kxg1 Qd1+ 53. Kg2 Qe2 54. Ne8 Qd1 55. Bxg7+ Kh7 56. Nf6# 1-0

[Event "*** Titled Tuesday Blitz"]
[Site "Chess.com"]
[Date "2020.01.07"]
[Round "1"]
[White "SCIM"]
[Black "severomorskij"]
[Result "0-1"]
[WhiteElo "2479"]
[BlackElo "2909"]
[TimeControl "180+2"]
[EndTime "13:09:39 PST"]
[Termination "severomorskij won on time"]

1. d4 Nf6 2. c4 e6 3. g3 c5 4. d5 exd5 5. cxd5 d6 6. Nc3 g6 7.
Bg2 Bg7 8. Nf3 O-O 9. O-O Re8 10. Re1 Ne4 11. Nxe4 Rxe4 12. a4 Na6 13. a5 Bd7 14. Nd2 Re8 15. Nc4 Bb5 16. Qb3 Nb4 17. h4 Rc8 18.
Bg5 Qd7 19. Rab1 Ba4 20. Qf3 Nc2 21. Bf6 Nxe1 22. Rxe1 Bb5 23. Bxg7 Kxg7 24. Qc3+ f6 25. Ne3 Qe7 26. Bh3 Rc7 27. Be6 Bd7 28. Bxd7 Rxd7 29. Nc4 Qe4 30. Ne3 Qb4 31. Qxb4 cxb4 32. Rc1 f5 33.
Rc4 Re4 34. Rc8 b3 35. Rc3 Ra4 36. Rxb3 Rxa5 37. Kg2 Rc5 38. Rd3 a5 39. h5 b5 40.
Rd4 Kf6 41. h6 b4 42. Nc4 Rb5 43. e4 a4 44. exf5 gxf5 45. Rf4 Kg6 46. Ne3 Rf7 47. Nc4 Rxd5 48. Nb6 Rd2 49. Rxb4 Rb7 50. g4 fxg4 51. Rxg4+ Kh5 52. Rb4 Kxh6 0-1

[Event "*** Titled Tuesday Blitz"]
[Site "Chess.com"]
[Date "2020.01.07"]
[Round "1"]
[White "Kimster98"]
[Black "aa175"]
[Result "1-0"]
[WhiteElo "2598"]
[BlackElo "2240"]
[TimeControl "180+2"]
[EndTime "13:09:41 PST"]
[Termination "Kimster98 won by resignation"]

1. Nf3 Nf6 2. g3 g6 3. b3 Bg7 4. Bb2 O-O 5. Bg2 d5 6. c4 dxc4 7. bxc4 c5 8. O-O Nc6 9. d3 Bg4 10. Nbd2 Qc7 11. h3 Bf5 12. Qc1 e5 13. Ng5 Nd4 14. Qd1 h6 15. Nge4 Nxe4 16. Nxe4 Rab8 17. Nc3 Qd7 18. Kh2 b5 19. cxb5 Nxb5 20. Nxb5 Qxb5 21. Bc3 c4 22. dxc4 Qxc4 23. Qd2 Rfd8 24. Qe3 Bd3 25. Bxe5 Bxe2 26. Bxb8 Bxa1 27. Rxa1 Rxb8 28. Qxa7 Rb2 29. a4 Bd3 30. a5 Ra2 31. Rxa2 Qxa2 32. Qb8+ Kh7 33. Qb6 Bc4 34. h4 h5 35. Qc7 Kg8 36.
Qc8+ Kg7 37. Qc5 Kg8 38. Bb7 Kh7 39. Qb6 Qa1 40. a6 Bxa6 41. Bxa6 Qg7 42. Bb7 Qg8 43. Kg2 Qg7 44. Bd5 Kg8 45. Qd8+ Kh7 46. Qe7 f5 47.
Qxg7+ Kxg7 48. f4 Kf6 49. Kf3 Ke7 50. Ke3 Ke8 51. Kd4 Ke7 52. Ke5 Kf8 53. Kf6 Ke8 54. Kxg6 Ke7 55. Kxf5 Kf8 56. Kg6 Ke7 57. Kxh5 Kf6 58.
g4 Kg7 59. Kg5 Kh7 60. f5 Kh8 61. Kf6 Kh7 62. g5 Kh8 63. Bf3 Kh7 64. Kf7 Kh8 65. Be2 Kh7 66. g6+ Kh8 67. g7+ 1-0

[Event "*** Titled Tuesday Blitz"]
[Site "Chess.com"]
[Date "2020.01.07"]
[Round "1"]
[White "volcanoexplorer"]
[Black "Kostina_Nadezhda"]
[Result "1-0"]
[WhiteElo "2544"]
[BlackElo "2100"]
[TimeControl "180+2"]
[EndTime "13:09:41 PST"]
[Termination "volcanoexplorer won on time"]

1. e4 c5 2. Nf3 Nc6 3. d4 cxd4 4. Nxd4 Qb6 5. Nb3 Nf6 6. Nc3 e6 7. Be3 Qc7 8. a3 a6 9. g3 Be7 10. Bg2 b5 11. O-O Bb7 12. f4 d6 13. Qe2 O-O 14. Rad1 b4 15. axb4 Nxb4 16. g4 d5 17. e5 Ne4 18. Nxe4 dxe4 19. Nd4 Rfd8 20. Bf2 a5 21.
Bxe4 Ba6 22. Qf3 Rab8 23. Rfe1 Nd5 24. f5 Bc5 25. fxe6 Bxd4 26. exf7+ Qxf7 27. Qxf7+ Kxf7 28. Rxd4 Nf4 29. Rxd8 Rxd8 30. Be3 Ne6 31. Kf2 Rb8 32. b3 Rc8 33. Rd1 Nc5 34. Bf5 Rc7 35. Bxc5 Rxc5 36. e6+ Kf6 37. Re1 g6 38. e7 Bb5 39.
Bd3 Be8 40. h4 g5 41. hxg5+ Kxg5 42. Kg3 Rc7 43. Bxh7 Kf6 44. Bd3 Kg5 45. Re5+ Kf6 46. Kf4 Rd7 47. g5+ Kf7 48. g6+ Kf6 49. Rf5+ Kxe7 50. g7 Bf7 51. Kg5 Be6 52. Re5 1-0

[Event "*** Titled Tuesday Blitz"]
[Site "Chess.com"]
[Date "2020.01.07"]
[Round "1"]
[White "Gahan-MG"]
[Black "amintabatabaei"]
[Result "0-1"]
[WhiteElo "2495"]
[BlackElo "2939"]
[TimeControl "180+2"]
[EndTime "13:09:42 PST"]
[Termination "amintabatabaei won by resignation"]

1. e4 c5 2. Nf3 d6 3. Bb5+ Nd7 4. c4 a6 5. Ba4 Nf6 6. Nc3 g6 7. O-O Bg7 8. Re1 O-O 9. Bc2 e5 10. d3 Ne8 11. Bg5 Bf6 12. Bh6 Bg7 13. Qd2 f5 14. exf5 gxf5 15. Qg5 Qxg5 16. Bxg5 Ndf6 17. Ba4 Nc7 18. a3 Ne6 19. Bxf6 Bxf6 20. Nd5 Bd8 21. b4 b6 22. Bc6 Ra7 23. Rab1 cxb4 24. Rxb4 b5 25.
cxb5 axb5 26. Ra1 Nc5 27. d4 Nd3 28. Rxb5 e4 29. Nd2 Bg5 30. Nc4 Ba6 31. Ra5 Rc8 32. Nxd6 Rxc6 33. Nxf5 Rb7 34. h4 Bd2 35. Nb4 Bxb4 36.
axb4 Nxb4 37. Rb1 Bd3 38. Rxb4 Rc1+ 39. Kh2 Rxb4 40. d5 e3 41. Nxe3 Rxh4+ 42. Kg3 Rd4 43.
Ra8+ Kf7 44. Ra7+ Ke8 45. Ra8+ Kd7 46. Ra7+ Kd6 47. Rf7 Rc3 48. Rf6+ Ke7 49. Re6+ Kd7 50. Kf3 Bc4 51. Rh6 Bxd5+ 52. Kg3 Be4 53. Kf4 Bg6+ 54. Ke5 Re4+ 55. Kf6 Re6+ 56. Kg7 Rc7 57. Nd5 Rb7 58. Nf4 Kd6+ 0-1

[Event "*** Titled Tuesday Blitz"]
[Site "Chess.com"]
[Date "2020.01.07"]
[Round "1"]
[White "GMsKoRPioN"]
[Black "AndrewDGreen"]
[Result "1/2-1/2"]
[WhiteElo "2558"]
[BlackElo "2226"]
[TimeControl "180+2"]
[EndTime "13:09:43 PST"]
[Termination "Game drawn - insufficient material"]

1. d4 Nf6 2. c4 g6 3. Nc3 Bg7 4. e4 d6 5. f3 c6 6. Be3 a6 7. a4 a5 8. Bd3 Na6 9. Rc1 Nb4 10. Bb1 O-O 11. Nge2 e5 12. d5 c5 13. g4 Bxg4 14.
fxg4 Nxg4 15. Bf2 Nxf2 16. Kxf2 Bh6 17. Ng3 Qh4 18. Qf3 Bxc1 19. Rxc1 Kh8 20. Kg2 f5 21. exf5 gxf5 22. Bxf5 Qg5 23. Rf1 Nc2 24. Ne4 Qh6 25. Kh1 Nd4 26. Qg4 Rg8 27. Qh3 Nxf5 28. Qxf5 Raf8 29. Qe6 Rxf1+ 30. Nxf1 Qxe6 31. dxe6 Re8 32. Nxd6 Rxe6 33. Nxb7 Rb6 34. Nxc5 Rxb2 35. Ng3 Rc2 36. Nb3 Rxc4 37. Nxa5 Rxa4 38. Nb3 Rf4 39. Kg2 Ra4 40. Nc5 Ra2+ 41. Kh3 Kg7 42. Nd7 Ra5 43. Kg4 Kg6 44. h4 Ra4+ 45. Kf3 Rxh4 46. Nxe5+ Kf6 47.
Nd7+ Ke7 48. Nc5 Rb4 49. Kg2 Rb2+ 50. Kf3 Kf6 51. Nge4+ Kg6 52. Nd7 Rb3+ 53. Kf2 Rb2+ 54. Ke3 Rb3+ 55. Ke2 Rb2+ 56. Kd3 Rb3+ 57. Kc4 Re3 58. Nf2 Rf3 59. Ne5+ Kf5 60. Nxf3 Kf4 61. Nh4 Kg3 62. Kd4 Kxh4 63. Ke3 Kg3 64. Ne4+ Kg4 65. Nf6+ Kg5 66. Nxh7+ 1/2-1/2

[Event "*** Titled Tuesday Blitz"]
[Site "Chess.com"]
[Date "2020.01.07"]
[Round "1"]
[White "arjwezhrtdrz"]
[Black "Bykov_Egor"]
[Result "1-0"]
[WhiteElo "2304"]
[BlackElo "2614"]
[TimeControl "180+2"]
[EndTime "13:09:44 PST"]
[Termination "arjwezhrtdrz won by resignation"]

1. e4 e5 2. Nf3 Nc6 3. Nc3 Nf6 4. Bb5 Bb4 5. O-O O-O 6. d3 d6 7. Bg5 h6 8. Bxf6 Qxf6 9. Nd5 Qd8 10. Bxc6 bxc6 11.
Nxb4 a5 12. Nxc6 Qe8 13. Ncd4 exd4 14. Nxd4 c5 15. Ne2 Bg4 16. f3 Be6 17. a4 f5 18.
exf5 Bxf5 19. b3 Qe5 20. Ng3 Qd4+ 21. Kh1 Bg6 22. Qe1 Rae8 23. Qf2 Qf4 24. Rae1 h5 25. Rxe8 Bxe8 26. Re1 h4 27. Ne2 Qf6 28. h3 Bc6 29.
Ng1 Bd5 30. Qe3 Rf7 31. Qe8+ Kh7 32. Qe3 Kg8 33. c4 Bc6 34. Qe6 Qc3 35. Re3 Qd4 36.
Re2 Bd7 37. Qe4 Qf6 38. Qa8+ Kh7 39. Qxa5 Bf5 40. Qe1 Bxd3 41. Re3 Bc2 42. Qc3 Qg6 43. a5 Rb7 44. a6 Rxb3 45. Qxb3 Bxb3 46. a7 Bxc4 47.
a8=Q d5 48. Qc8 d4 49. Re8 Qg5 50. Rh8+ Kg6 51. Qc6+ Kf7 52. Qe8+ Kf6 53. Rf8+ 1-0

[Event "*** Titled Tuesday Blitz"]
[Site "Chess.com"]
[Date "2020.01.07"]
[Round "1"]
[White "garfield_pg"]
[Black "Misi_95"]
[Result "0-1"]
[WhiteElo "2354"]
[BlackElo "2706"]
[TimeControl "180+2"]
[EndTime "13:09:48 PST"]
[Termination "Misi_95 won by resignation"]

1. e4 c5 2. Nf3 e6 3. c3 d5 4.
exd5 exd5 5. d4 Nc6 6. Be3 cxd4 7.
Nxd4 Nf6 8. Bb5 Bd7 9. O-O Bd6 10. Nd2 O-O 11. N2f3 Nxd4 12. Nxd4 Ng4 13. h3 Nxe3 14. fxe3 Bxb5 15. Nxb5 Be5 16. Qf3 Qb6 17. Nd4 Rad8 18. Rf2 g6 19. Rd1 Bg7 20. Rfd2 Rfe8 21. Kh1 Bh6 22. Re1 Re7 23. b3 Qc5 24. Rd3 Rde8 25.
Nc2 Re4 26. Red1 Qa5 27. Nb4 Rxe3 28. Rxe3 Rxe3 29. Qxd5 Qxd5 30. Nxd5 Re2 31. a4 Bg7 32. Rd3 Re1+ 33. Kh2 Be5+ 34. g3 Re2+ 35. Kg1 h5 36. h4 Kg7 37. a5 Rb2 38. b4 Rc2 39. Re3 Bd6 40. Rd3 Kh6 41. Ne3 Rc1+ 42. Kg2 Be5 43. Nd5 g5 44. hxg5+ Kxg5 45. Re3 Bg7 46. Rd3 f5 47. Kf3 Rf1+ 48. Kg2 Rc1 49. Kf3 Be5 50. Re3 Bd6 51. Rd3 Rg1 52. Nf4 Bxf4 53.
gxf4+ Kf6 54. Rd6+ Ke7 55. Rh6 Rc1 56. Rh7+ Ke6 57.
Rxb7 Rxc3+ 58. Kg2 Rb3 59. b5 Kd5 60. Rxa7 Rxb5 61.
Rh7 Ke4 62. Rxh5 Rxa5 63. Rh8 Kxf4 64. Rh4+ Ke3 65. Kf1 f4 66. Rh8 Ra1+ 67. Kg2 f3+ 68. Kg3 Rg1+ 69. Kh2 f2 70. Re8+ Kd4 71. Rd8+ Kc5 72.
Rc8+ Kd6 0-1

[Event "*** Titled Tuesday Blitz"]
[Site "Chess.com"]
[Date "2020.01.07"]
[Round "1"]
[White "ExcitingTrap"]
[Black "VincentKeymer"]
[Result "0-1"]
[WhiteElo "2326"]
[BlackElo "2665"]
[TimeControl "180+2"]
[EndTime "13:09:50 PST"]
[Termination "VincentKeymer won by resignation"]

1. e4 c5 2. Nf3 e6 3. g3 Nf6 4. e5 Nd5 5. Bg2 d6 6. O-O Nc6 7. Re1 dxe5 8. Nxe5 Nxe5 9. Rxe5 Bd6 10. Re1 O-O 11. d4 cxd4 12. Qxd4 Be7 13. c4 Nb4 14.
Qc3 Qd3 15. Be4 Qxc3 16. Nxc3 Rd8 17. Bf4 g5 18. Be3 f5 19. Bb1 b6 20. a3 Nc6 21. Nb5 Ne5 22. Rc1 Nf3+ 23. Kg2 Bb7 24. Kf1 Nxh2+ 25. Ke2 Kf7 26. Ba2 Bc5 27. b4 Bxe3 28. fxe3 Bf3+ 29. Ke1 Be4 30. Rd1 Nf3+ 31. Kf2 Ke7 32. c5 bxc5 33. bxc5 Rac8 34. Rxd8 Rxd8 35. Nd6 Rb8 36. Nxe4 fxe4 37. Bc4 Rb2+ 38. Be2 Ne5 39. Kf1 Nd3 40. c6 Kd6 41. Rd1 Rb3 42. Bg4 Rc3 43.
c7 Rxc7 44. Bf3 exf3 45. Rxd3+ Ke5 46. Kf2 g4 47. Rd4 Rc2+ 48. Kf1 h5 49. Ra4 Kf5 50.
Ra5+ Ke4 51. Rxh5 Rg2 52. Rg5 Rxg3 53. Kf2 Rg2+ 54. Kf1 Kxe3 55. Re5+ Kf4 56. Rxe6 Rb2 57. Re7 Kg3 58. Ke1 Kg2 59. Re4 f2+ 0-1

[Event "*** Titled Tuesday Blitz"]
[Site "Chess.com"]
[Date "2020.01.07"]
[Round "1"]
[White "dragos420"]
[Black "liczner"]
[Result "1/2-1/2"]
[WhiteElo "2436"]
[BlackElo "2807"]
[TimeControl "180+2"]
[EndTime "13:09:55 PST"]
[Termination "Game drawn by repetition"]

1. e4 c6 2. d4 d5 3. Nc3 dxe4 4. Nxe4 Nd7 5. Qe2 Ndf6 6. c3 Bg4 7. Nf3 e6 8. Bg5 Qd5 9. Bxf6 Nxf6 10. Nxf6+ gxf6 11. Qe3 Bxf3 12. Qxf3 Qxf3 13. gxf3 Bh6 14. Bd3 Ke7 15. Ke2 Bf4 16. h4 h5 17. Rhg1 Rhg8 18.
b4 Rac8 19. a4 f5 20. a5 a6 21. Rae1 Bh2 22. Rxg8 Rxg8 23. Rh1 Bf4 24. Bc4 Kd7 25. Bb3 Rg7 26. Bc4 Kd6 27. Bb3 Kc7 28. Bc4 Bd6 29. Bd3 Be7 30. Bc2 Rg2 31. Kf1 Rg8 32. Bd1 Bd6 33. Bc2 Bf4 34. Ke2 Kd6 35. Bb3 Rg7 36.
Bc2 Rg6 37. Bb3 Bh6 38. Bc2 Bf8 39. Bd3 Be7 40. Bc2 Bd8 41. Bd3 Kd5 42. Bb1 Kc4 43.
Kd2 Kb3 44. Bc2+ Kb2 45. Rb1+ Ka2 46. c4 Rg2 47. Kc3 Rxf2 48. Rb2+ Ka1 49. Rb1+ Ka2 50. Rb2+ Ka3 51. Rb3+ Ka2 52. Rb2+ 1/2-1/2

[Event "*** Titled Tuesday Blitz"]
[Site "Chess.com"]
[Date "2020.01.07"]
[Round "1"]
[White "Bad4life"]
[Black "Faqade"]
[Result "0-1"]
[WhiteElo "2315"]
[BlackElo "2649"]
[TimeControl "180+2"]
[EndTime "13:09:58 PST"]
[Termination "Faqade won by checkmate"]

1. e4 c5 2. Nf3 e6 3. g3 Nc6 4. Bg2 Nf6 5. Nc3 d6 6. O-O Be7 7. d4 cxd4 8. Nxd4 O-O 9. b3 Bd7 10. Ndb5 Qb8 11. Ba3 Ne8 12. Bb2 a6 13. Nd4 Nxd4 14. Qxd4 Bf6 15. Qd3 Bb5 16. Nxb5 Bxb2 17. Rab1 Bf6 18. Na3 b5 19. e5 Bxe5 20. Bxa8 Qxa8 21.
c4 Nc7 22. f4 Bf6 23. Qxd6 Qa7+ 24. Kg2 Qb7+ 25. Kh3 Rd8 26. Qc5 Rd2 27. Qg1 Qe4 28. Rbe1 Qd3 29. Nb1 Rxa2 30. Rd1 Qf5+ 31. g4 Qe4 32.
Qg3 h6 33. Rfe1 Qc6 34. cxb5 Nxb5 35. Rd2 Rxd2 36. Nxd2 Bc3 37. Rc1 Qd5 38. Nf3 Qxb3 39. Ne5 Qb2 40. Rd1 Bxe5 41. Rd8+ Kh7 42. fxe5 Qc2 43.
Rf8 Kg6 44. Qf3 Qc3 45. Rxf7 Qxe5 46. Qd3+ Kxf7 47. Qd7+ Kg6 48. Qe8+ Kh7 49. Qf7 Nd6 50. Qf3 Ne4 51. Qd3 a5 52. Kg2 Qf4 53. Qc2 Qxg4+ 54.
Kf1 Qf3+ 55. Kg1 Qe3+ 56. Kg2 a4 57. Qxa4 Qf2+ 58. Kh3 Qf3+ 59. Kh4 g5# 0-1

[Event "*** Titled Tuesday Blitz"]
[Site "Chess.com"]
[Date "2020.01.07"]
[Round "1"]
[White "ShahMatKanal"]
[Black "szefru"]
[Result "1-0"]
[WhiteElo "2552"]
[BlackElo "2125"]
[TimeControl "180+2"]
[EndTime "13:09:58 PST"]
[Termination "ShahMatKanal won by resignation"]

1. d4 d5 2. c4 c6 3. Nf3 Nf6 4. e3 e6 5. Nc3 a6 6. Be2 dxc4 7. Bxc4 b5 8. Bd3 Nbd7 9. O-O Be7 10. a3 c5 11. Qe2 Bb7 12. Rd1 Qb6 13. Bd2 Rc8 14. Rac1 cxd4 15. exd4 O-O 16. Bb1 g6 17. Be3 Nd5 18.
Bh6 Rfd8 19. Ne4 Rxc1 20. Rxc1 N5f6 21. Bg5 Rc8 22. Rxc8+ Bxc8 23. Ne5 Nxe5 24. dxe5 Nxe4 25. Bxe7 Qc7 26. Qc2 Qxc2 27. Bxc2 Nd2 28. Bb4 Nc4 29. Bc3 Bb7 30. f3 Kg7 31. Kf2 Bd5 32. a4 bxa4 33. Bxa4 g5 34. Bd7 Nb6 35. Be8 Kf8 36. Bd4 Kxe8 37. Bxb6 Kd7 38. Kg3 h5 39. Be3 g4 40.
fxg4 hxg4 41. Kxg4 Bxg2 42. h4 Be4 43. Kg5 Ke7 44. Bc5+ Ke8 45. h5 f5 46. exf6 Kf7 47.
Kf4 Bh7 48. Ke5 Bd3 49. Be3 Be2 50. h6 Bc4 51. Bg5 Kg6 52. Kd6 Bb3 53. Ke7 e5 54. h7 Kxh7 55. f7 Bxf7 56. Kxf7 e4 57. Bd2 a5 58. Bxa5 e3 59. Be1 e2 60. b4 Kh6 61. b5 Kg5 62. b6 Kf4 63. b7 1-0

[Event "*** Titled Tuesday Blitz"]
[Site "Chess.com"]
[Date "2020.01.07"]
[Round "1"]
[White "Parhamov"]
[Black "Kumi29"]
[Result "1-0"]
[WhiteElo "3066"]
[BlackElo "2508"]
[TimeControl "180+2"]
[EndTime "13:10:08 PST"]
[Termination "Parhamov won by checkmate"]

1. d4 e6 2. c4 b6 3. e4 Bb7 4.
Bd3 Bb4+ 5. Bd2 Bxd2+ 6. Qxd2 f5 7.
Nc3 fxe4 8. Bxe4 Bxe4 9. Nxe4 Nf6 10. Ng3 O-O 11. Nf3 c5 12. O-O Nc6 13. Rad1 cxd4 14.
Nxd4 Nxd4 15. Qxd4 Qc7 16. b3 h6 17. h3 Rf7 18.
Qd6 Qxd6 19. Rxd6 Kf8 20. Rfd1 Rc8 21. f3 Ke8 22. Kf2 Rc5 23. a4 Rg5 24. h4 Re5 25. R6d4 h5 26. Kg1 Re3 27. R1d3 Re1+ 28. Kf2 Rb1 29.
Ke2 Rb2+ 30. Kf1 Rb1+ 31. Kf2 Rb2+ 32. Kg1 Rb1+ 33. Kh2 Rb2 34. Re3 g6 35. Ne2 Ng8 36. Kh3 Ne7 37. Rde4 Nf5 38. Rd3 Ke7 39. Nf4 Rg7 40. g4 hxg4+ 41. fxg4 Nxh4 42. Nd5+ Kd8 43. Nf6 g5 44. Rxe6 Rf2 45. Re8+ Kc7 46. Rf8 Kb7 47. Nxd7 Rb2 48. Nf6 Rg6 49. Rf7+ Ka6 50. Nd5 Rh6 51.
Kg3 Rg2+ 52. Kh3 Rg1 53. Nc7+ Kb7 54. Nb5+ Kc8 55. Nxa7+ Kb8 56. Rd8# 1-0

[Event "*** Titled Tuesday Blitz"]
[Site "Chess.com"]
[Date "2020.01.07"]
[Round "1"]
[White "GremioPrudente"]
[Black "gmasterkiller"]
[Result "0-1"]
[WhiteElo "2267"]
[BlackElo "2605"]
[TimeControl "180+2"]
[EndTime "13:10:14 PST"]
[Termination "gmasterkiller won on time"]

1. Nf3 Nf6 2. c4 e6 3. d4 b6 4.
g3 Ba6 5. Qa4 Bb7 6. Bg2 c5 7.
dxc5 Bxc5 8. O-O O-O 9. Nc3 Be7 10. Bf4 Na6 11. Rfd1 Nc5 12. Qc2 Qc8 13. Rac1 Nce4 14. Nd4 Nxc3 15. Qxc3 a6 16. Nf3 d5 17. Ne5 Rd8 18. Be3 b5 19. Bb6 bxc4 20. Bxd8 Bxd8 21. b3 cxb3 22. Qxb3 Qb8 23. Rb1 Bc7 24. Qxb7 Qxb7 25. Rxb7 Bxe5 26. Rdb1 g6 27. f4 Bd4+ 28. Kf1 Ng4 29.
Rb8+ Rxb8 30. Rxb8+ Kg7 31. Bf3 Ne3+ 32. Ke1 a5 33. Kd2 Nf1+ 34. Kd3 Bf2 35. e4 dxe4+ 36. Bxe4 Nxh2 37. Ra8 Bxg3 38. Rxa5 Ng4 39. Bf3 Nf6 40.
Ke3 Be1 41. Rb5 Ne8 42. a4 Nd6 43. Rb1 Ba5 44. Bc6 h5 45. Bb5 h4 46. Bf1 Kf6 47. Rd1 Nf5+ 48. Kf3 Bb6 49. Rb1 Ba5 50. Rb5 Nd4+ 51. Kg4 Nxb5 52. axb5 Bc7 53. Bd3 h3 54. Kxh3 Bxf4 55. b6 Kg5 56. b7 Bb8 57. Kg2 Kf4 58. Bb5 g5 59. Be8 f5 60. Bd7 e5 61. Bc6 e4 62. Bb5 Ke3 63. Kf1 f4 64. Ke1 g4 65.
Kf1 g3 66. Kg1 f3 67. Bf1 Kf4 0-1

[Event "*** Titled Tuesday Blitz"]
[Site "Chess.com"]
[Date "2020.01.07"]
[Round "1"]
[White "esteban062000"]
[Black "MiroMiljkovic"]
[Result "0-1"]
[WhiteElo "2092"]
[BlackElo "2543"]
[TimeControl "180+2"]
[EndTime "13:10:18 PST"]
[Termination "MiroMiljkovic won by resignation"]

1. Nf3 Nf6 2. c4 c6 3. g3 d5 4.
b3 g6 5. Bb2 Bg7 6. Bg2 O-O 7.
O-O a5 8. d4 a4 9. cxd5 axb3 10.
axb3 Rxa1 11. Bxa1 Nxd5 12. Nc3 Nb6 13. e4 Bg4 14. Na4 N8d7 15. Qd2 Nxa4 16. bxa4 Qa8 17. d5 Bxf3 18. Bxf3 Ne5 19. Bxe5 Bxe5 20. a5 Rd8 21.
Qb4 Bd6 22. Qb6 cxd5 23. exd5 Rc8 24. Rb1 Rc7 25. Rb5 Qc8 26. Rb2 Qf5 27. Rb3 Qc2 28.
Rb2 Qc3 29. Rb3 Qe1+ 30. Kg2 Rc1 31. Kh3 Rc7 32. Re3 Qc1 33. Qb3 Qc5 34. Qd3 Qxa5 35. Re2 Qa3 36. Qxa3 Bxa3 37. Ra2 Bd6 38. Ra8+ Kg7 39.
Ra4 b5 40. Ra5 b4 41. Rb5 f5 42. Kg2 Kf6 43. Rb6 Ke5 44. h4 Kd4 45. h5 g5 46. h6 g4 47. Bd1 Kxd5 48. Bc2 e6 49. Bb3+ Ke5 50. Rb5+ Bc5 51. Rb8 Kf6 52. Rf8+ Kg6 53.
Rg8+ Kxh6 54. Re8 Re7 55. Rc8 Bd4 56. Rc4 Bc3 57. Rc6 Kg5 58. Bxe6 h5 59. Bb3 h4 60. gxh4+ Kxh4 61. Rh6+ Kg5 62. Rc6 f4 63. Rc5+ Kh4 64. Rc6 f3+ 65. Kh2 Re1 66. Rc5 Be5+ 0-1

[Event "*** Titled Tuesday Blitz"]
[Site "Chess.com"]
[Date "2020.01.07"]
[Round "1"]
[White "Fandorin779"]
[Black "Shahinyan_ChessMood"]
[Result "1-0"]
[WhiteElo "2315"]
[BlackElo "2619"]
[TimeControl "180+2"]
[EndTime "13:10:21 PST"]
[Termination "Fandorin779 won by resignation"]

1. e4 e6 2. d4 d5 3. Nd2 Nc6 4. Ngf3 Nf6 5. e5 Nd7 6. c3 f6 7. exf6 Qxf6 8. Bd3 Bd6 9. O-O e5 10. dxe5 Ndxe5 11. Nxe5 Nxe5 12. Be2 O-O 13. Nf3 Nxf3+ 14.
Bxf3 c6 15. Re1 Qh4 16. h3 Bxh3 17. gxh3 Qxh3 18. Bxd5+ Kh8 19. Bg2 Qh2+ 20. Kf1 Bg3 21. Be3 Qh4 22. Qd4 Qh5 23. Rad1 Rae8 24. Qc5 Qh4 25. Rd7 Qg4 26. Qd4 Qg6 27. Kg1 Bb8 28. Rd1 b6 29. Rd8 c5 30. Rxe8 Rxe8 31. Qd3 Qh5 32.
Qd5 Qh2+ 33. Kf1 h6 34. Qf7 Qe5 35. Rd7 Rg8 36. Bxh6 Bd6 37. Bf4 Qxf4 38. Qh5+ Qh6 39.
Qxh6+ gxh6 40. Rxd6 Kg7 41. Rd7+ Kf6 42. Rxa7 h5 43. Rb7 Ke5 44. Rxb6 Kf4 45. a4 h4 46.
a5 Rd8 47. a6 Rd1+ 48. Ke2 Ra1 49. Bb7 h3 50. Rh6 Kg4 51. Bc8+ Kf4 52. Rxh3 c4 53.
Rh7 Ra5 54. a7 Re5+ 55. Kf1 Ra5 56. Be6 Kf3 57. a8=Q+ 1-0